 Dungeon Crawl Stone Soup version 0.27-a0-1137-g3ef0f4ec91 (webtiles) character file.

Game seed: 5239145942685719584

24628 karkarkar the Protected (level 12, -1/110 HPs)
             Began as a Minotaur Berserker on May 5, 2021.
             Was an Elder of Trog.
             Slain by a boulder beetle (12 damage)
             ... on level 12 of the Dungeon on May 6, 2021.
             The game lasted 01:05:48 (16516 turns).

karkarkar the Protected (Minotaur Berserker)       Turns: 16516, Time: 01:05:49

Health: -1/110     AC: 14    Str: 37 (38) XL:     12   Next: 82%
Magic:  11/11      EV: 11    Int:  8      God:    Trog [****..]
Gold:   510        SH:  5    Dex: 10      Spells: 11/11 levels left

rFire    . . .     SeeInvis +   i - +8 hand axe "Muesoez" {flame, Str+5}
rCold    . . .     Faith    .   t - +0 buckler
rNeg     . . .     Spirit   .   Q - +1 chain mail {Will+}
rPois    .         Reflect  .   (helmet restricted)
rElec    .         Harm     .   (no cloak)
rCorr    .         Rampage  .   (no gloves)
Will     +....                  (no boots)
Stlth    ..........             (no amulet)
HPRegen  0.28/turn              g - +6 ring of strength
MPRegen  0.12/turn              d - ring of see invisible

@: unable to read, on berserk cooldown, slowed, very slow
A: horns 2, retaliatory headbutt, fangs 1, clever 2, deterioration 1, inability
to read while threatened
a: Renounce Religion, Berserk, Trog's Hand, Brothers in Arms


You were on level 12 of the Dungeon.
You worshipped Trog.
Trog was greatly pleased with you.
You visited 1 branch of the dungeon, and saw 12 of its levels.

You collected 750 gold pieces.
You spent 240 gold pieces at shops.

Inventory:

Hand Weapons
 i - the +8 hand axe "Muesoez" (weapon) {flame, Str+5}
   (You found it on level 7 of the Dungeon)

   It has been specially enchanted to burn those struck by it, causing extra
   injury to most foes and up to half again as much damage against particularly
   susceptible opponents.
   Big, fiery blades are also staple armaments of hydra-hunters.
   It affects your strength (+5).
 l - a +0 war axe of protection
 s - a +4 morningstar
 A - the +4 whip "Ladulyo" {speed, rC+ Str+3}
   (You took it off a centaur on level 7 of the Dungeon)

   Attacks with this weapon are significantly faster.
   It affects your strength (+3).
   It protects you from cold.
Missiles
 b - 10 atropa-tipped darts (quivered)
 c - 4 curare-tipped darts
 G - 6 javelins
 H - 3 throwing nets
Armour
 t - a +0 buckler (worn)
 E - +0 swamp dragon scales
 Q - a +1 chain mail of willpower (worn)
 R - a +0 plate armour
Jewellery
 d - a ring of see invisible (right hand)
 g - a +6 ring of strength (left hand)
 x - a +6 ring of intelligence
 M - a +4 ring of evasion
Wands
 n - a wand of iceblast (16)
 q - a wand of acid (25)
 w - a wand of polymorph (8)
 J - a wand of flame (22)
 L - a wand of digging (2)
Scrolls
 a - a scroll of brand weapon
 j - 6 scrolls of amnesia
 m - 2 scrolls of immolation
 p - a scroll of torment
 y - a scroll of holy word
 C - 2 scrolls of fear
 D - a scroll of noise
 I - 2 scrolls of silence
 K - 2 scrolls of teleportation
 N - a scroll of fog
 O - a scroll of blinking
Potions
 e - 2 potions of magic
 f - 4 potions of attraction
 h - 6 potions of curing
 k - 2 potions of brilliance
 r - a potion of invisibility
 u - a potion of lignification
 v - a potion of heal wounds
 z - a potion of resistance
 B - a potion of flight {unknown}
 F - a potion of ambrosia {unknown}
 P - a potion of might {unknown}


   Skills:
 + Level 11.5 Fighting
 - Level 13.0(14.0) Axes
 - Level 9.0(12.1) Maces & Flails
 + Level 3.2 Throwing
 + Level 14.2 Armour
 + Level 5.4 Dodging
 * Level 3.5 Stealth
 + Level 5.3 Shields
 + Level 0.5 Evocations


You had 11 spell levels left.
You didn't know any spells.
Your spell library contained the following spells:

 Spells                   Type           Power      Damage    Failure   Level
 Summon Small Mammal      Summ           0%         N/A       75%         1
 Call Imp                 Summ           0%         N/A       87%         2
 Call Canine Familiar     Summ           0%         N/A       98%         3
 Summon Guardian Golem    Hex/Summ       0%         N/A       98%         3
 Summon Ice Beast         Ice/Summ       0%         N/A       100%        4
 Summon Lightning Spire   Summ/Air       0%         N/A       100%        4
 Bolt of Magma            Conj/Fire/Erth 0%         4d4       100%        5
 Iskenderun's Battlesphe  Conj           0%         2d6       100%        5
 Iron Shot                Conj/Erth      0%         9d1       100%        6
 Orb of Destruction       Conj           0%         N/A       100%        7
 Spellforged Servitor     Conj/Summ      0%         N/A       100%        7


Dungeon Overview and Level Annotations

Branches:
Dungeon (12/15)            Temple (0/1) D:5            Lair (0/6) D:8
    Orc: D:9-12

Altars:
Ashenzari
Cheibriados
Fedhas
Gozag
Makhleb
Okawaru
Qazlal
Ru
Sif Muna
Trog
Vehumet
Yredelemnul
The Shining One

Shops:
D:9 *   D:12 *


Innate Abilities, Weirdness & Mutations

You have a pair of horns on your head.
You reflexively headbutt those who attack you in melee.
You have very sharp teeth.
Your mind is very acute. (Int +4)
Your body sometimes deteriorates upon taking damage.
You sometimes lose the ability to read scrolls when taking damage.


Message History

You slash the centaur warrior! You burn the centaur warrior.
The centaur warrior is almost dead.
You slash the centaur warrior! You burn the centaur warrior.
You kill the centaur warrior!
Trog accepts your kill.
The boulder beetle curls into a ball and begins rolling!
You feel a strong urge to attack something.
You feel your anger nearly subside.
You are no longer berserk.
Trog's vigour flows through your veins.
You are exhausted.
You feel yourself slow down.
You feel the effects of Trog's Hand fading.
You hit the boulder beetle but do no damage.
The boulder beetle hits you!!!
* * * LOW HITPOINT WARNING * * *
The boulder beetle stops rolling and uncurls.
Your chain mail prevents you from hitting the boulder beetle.
You headbutt the boulder beetle, but do no damage.
You bite the boulder beetle.
The boulder beetle is lightly wounded.
The boulder beetle bites you but does no damage.
You hit the boulder beetle but do no damage.
You headbutt the boulder beetle, but do no damage.
The boulder beetle is lightly wounded.
The boulder beetle bites you but does no damage.
You feel much better.
Your skin stops crawling.
You feel less strong-willed. The centaur closely misses you.
The centaur barely misses you. The boulder beetle bites you!!
* * * LOW HITPOINT WARNING * * *
Your body deteriorates!
You feel weakened.
The centaur hits you but does no damage.
The centaur kicks you but does no damage.
The boulder beetle bites you!
* * * LOW HITPOINT WARNING * * *
You fail to use your ability.
You block the centaur's attack.
The centaur kicks you but does no damage.
The boulder beetle bites you!
You die...

#................
#................
.###+###................
.............∩..........
.................÷......
........................
..................##..##
........c.[...######..+.
#....@Bo####.## #...#.
...#######...##.###...#.
###○.#..#.##...#. ##
#..#####.#.#...#' ...
#...##)..##.##......
..##.##)).#.##.#......
#.###.#.#..#..#......
##°cB###...#..#......
#..#o.###.#.##.......


You could see a boulder beetle, a centaur and an orc wizard.

Vanquished Creatures
  Snorg (D:10)
  Josephine (D:10)
  Harold (D:10)
  A hydra (D:11)
  A boulder beetle (D:12)
  A centaur warrior (D:12)
  4 two-headed ogres (D:11)
  Urug (D:10)
  2 skeletal warriors (D:12)
  Pikel (D:5)
  A cyclops (D:11)
  A manticore (D:12)
  An elephant (D:8)
  Maggie (D:10)
  An unseen horror (D:5)
  A kobold demonologist (D:9)
  5 trolls
  A merfolk (D:11)
  2 polar bears (D:8)
  A slime creature (D:12)
  2 shadows (D:10)
  7 wyverns (D:11)
  16 yaks
  Sigmund (D:2)
  5 wraiths (D:10)
  A hog (D:11)
  A basilisk (D:8)
  Eustachio (D:5)
  A water moccasin (D:3)
  An ice beast (D:8)
  3 sky beasts
  An orc warrior (D:8)
  2 necrophages
  10 black bears
  10 centaurs
  2 ogres
  5 wolves (D:8)
  4 lemures (D:5)
  3 phantoms (D:5)
  4 kobold brigands
  A gnoll sergeant (D:11)
  2 wyvern zombies
  7 bullfrogs
  4 scorpions
  A water moccasin skeleton (D:5)
  11 killer bees
  8 wights
  6 howler monkeys
  7 electric eels
  A crimson imp (D:5)
  4 centaur zombies
  2 bullfrog skeletons
  A centaur skeleton (D:6)
  3 gnoll shamans
  8 orc priests
  2 hounds
  4 iguanas
  8 orc wizards
  A killer bee zombie (D:5)
  2 centaur simulacra (D:8)
  A hound zombie (D:5)
  Robin (D:2)
  6 gnolls
  5 adders
  A white imp (D:8)
  5 ufetubi
  An adder skeleton (D:4)
  4 worms
  28 orcs
  6 bats
  6 endoplasms
  4 giant cockroaches
  15 goblins
  9 hobgoblins
  7 jackals
  3 quokkas
  5 ball pythons
  12 frilled lizards
  10 kobolds
  4 rats
  A spectral orc (D:9)
326 creatures vanquished.

Vanquished Creatures (collateral kills)
  A yak (D:10)
1 creature vanquished.

Vanquished Creatures (others)
  2 fungi (D:1)
  48 plants
50 creatures vanquished.

Grand Total: 377 creatures vanquished

Notes
Turn   | Place    | Note
-------+----------+-------------------------------------------
     0 | D:1      | karkarkar the Minotaur Berserker began the quest for the
                  | Orb.
     0 | D:1      | Reached XP level 1. HP: 19/19 MP: 0/0
   115 | D:1      | Reached XP level 2. HP: 22/27 MP: 1/1
   525 | D:1      | Found a faded altar of an unknown god.
   880 | D:1      | Reached XP level 3. HP: 30/33 MP: 2/2
   880 | D:1      | Reached ** piety under Trog
  1282 | D:2      | Reached XP level 4. HP: 39/41 MP: 3/3
  1381 | D:2      | Noticed Robin
  1385 | D:2      | Noticed Sigmund
  1443 | D:2      | Killed Robin
  1444 | D:2      | Reached skill level 5 in Axes
  1444 | D:2      | Reached skill level 3 in Armour
  1783 | D:2      | Killed Sigmund
  1784 | D:2      | Reached skill level 4 in Armour
  1784 | D:2      | Reached XP level 5. HP: 47/47 MP: 4/4
  2082 | D:3      | Found a blossoming altar of Fedhas.
  2100 | D:3      | Found a snail-covered altar of Cheibriados.
  2130 | D:3      | Noticed a water moccasin
  2143 | D:3      | Killed a water moccasin
  2144 | D:3      | Reached skill level 5 in Fighting
  2144 | D:3      | Reached XP level 6. HP: 14/56 MP: 5/5
  2148 | D:3      | HP: 2/56 [poisoned by a water moccasin]
  2153 | D:3      | HP: 2/56 [poisoned by a water moccasin]
  2648 | D:3      | Found a shimmering blue altar of Sif Muna.
  2854 | D:3      | Reached *** piety under Trog
  3767 | D:4      | Identified the +2 rapier of Hospitality {vorpal, Fly}
  4701 | D:5      | Entered Level 5 of the Dungeon
  4714 | D:5      | Reached skill level 5 in Armour
  4762 | D:5      | Found a staircase to the Ecumenical Temple.
  4776 | D:5      | Reached XP level 7. HP: 52/61 MP: 6/6
  5175 | D:5      | Reached skill level 1 in Maces & Flails
  5324 | D:5      | Noticed Pikel
  5403 | D:5      | Killed Pikel
  5404 | D:5      | Reached skill level 6 in Armour
  5404 | D:5      | Reached XP level 8. HP: 70/70 MP: 7/7
  5672 | D:5      | Found a radiant altar of Vehumet.
  5673 | D:5      | Found a burning altar of Makhleb.
  5756 | D:5      | Reached skill level 7 in Armour
  5757 | D:5      | Reached skill level 5 in Maces & Flails
  5806 | D:5      | Killed an unseen horror
  6075 | D:5      | Reached XP level 9. HP: 68/77 MP: 8/8
  6178 | D:5      | Noticed Eustachio
  6184 | D:5      | Killed Eustachio
  6300 | D:6      | Reached skill level 8 in Armour
  6717 | D:6      | Identified the +9 dagger "Medeh" {vorpal, *Slow Int+10
                  | Stlth+}
  6916 | D:6      | Reached **** piety under Trog
  7561 | D:7      | Reached skill level 1 in Shields
  7724 | D:7      | Reached skill level 1 in Stealth
  7733 | D:7      | Identified the +8 hand axe "Muesoez" {flame, Str+5}
  8518 | D:7      | Identified the +4 whip "Ladulyo" {speed, rC+ Str+3}
  8769 | D:7      | Found a bloodstained altar of Trog.
  8904 | D:7      | Upgraded the game from 0.27-a0-1136-g0b992a5a9d to
                  | 0.27-a0-1137-g3ef0f4ec91
  8974 | D:8      | Noticed a polar bear
  8985 | D:8      | Killed a polar bear
  8986 | D:8      | Reached skill level 9 in Armour
  8990 | D:8      | Noticed a polar bear
  9004 | D:8      | Reached XP level 10. HP: 63/88 MP: 9/9
  9251 | D:8      | Noticed an elephant
  9252 | D:8      | Found a staircase to the Lair.
  9266 | D:8      | Killed an elephant
  9681 | D:8      | Reached skill level 10 in Armour
  9685 | D:8      | Reached skill level 10 in Axes
  9887 | D:8      | Found a broken altar of Ashenzari.
 10652 | D:9      | Found a stormy altar of Qazlal.
 10663 | D:9      | Found Zatuc's Changing Room.
 10773 | D:9      | Bought a potion of mutation for 80 gold pieces
 10773 | D:9      | Gained mutation: You are dopey. (Int -2) [potion of
                  | mutation]
 10774 | D:9      | Lost mutation: You are dopey. (Int -2) [potion of mutation]
 10774 | D:9      | Gained mutation: Your body sometimes deteriorates upon
                  | taking damage. [potion of mutation]
 10774 | D:9      | Gained mutation: You are clumsy. (Dex -2) [potion of
                  | mutation]
 10774 | D:9      | Gained mutation: Your mind is acute. (Int +2) [potion of
                  | mutation]
 10775 | D:9      | Bought a potion of mutation for 80 gold pieces
 10775 | D:9      | Lost mutation: You are clumsy. (Dex -2) [potion of
                  | mutation]
 10775 | D:9      | Lost mutation: Your body sometimes deteriorates upon taking
                  | damage. [potion of mutation]
 10775 | D:9      | Gained mutation: You are strong-willed. (Will+) [potion of
                  | mutation]
 10775 | D:9      | Lost mutation: Your mind is acute. (Int +2) [potion of
                  | mutation]
 10775 | D:9      | Gained mutation: You are frail. (-10% HP) [potion of
                  | mutation]
 10776 | D:9      | Bought a potion of mutation for 80 gold pieces
 10776 | D:9      | Lost mutation: You are frail. (-10% HP) [potion of
                  | mutation]
 10776 | D:9      | Gained mutation: You sometimes lose the ability to read
                  | scrolls when taking damage. [potion of mutation]
 10776 | D:9      | Gained mutation: You are somewhat resistant to further
                  | mutation. [potion of mutation]
 10861 | D:9      | Found a basalt altar of Yredelemnul.
 10865 | D:9      | Reached ***** piety under Trog
 10948 | D:9      | Found a glowing golden altar of the Shining One.
 11150 | D:9      | Found a sacrificial altar of Ru.
 11161 | D:9      | Found an iron altar of Okawaru.
 11328 | D:9      | Found a flagged portal.
 11360 | D:9      | Lost mutation: You are somewhat resistant to further
                  | mutation. [potion of mutation]
 11360 | D:9      | Lost mutation: You are strong-willed. (Will+) [potion of
                  | mutation]
 11360 | D:9      | Gained mutation: Your mind is acute. (Int +2) [potion of
                  | mutation]
 11360 | D:9      | Gained mutation: Your body sometimes deteriorates upon
                  | taking damage. [potion of mutation]
 11360 | D:9      | Gained mutation: Your mind is very acute. (Int +4) [potion
                  | of mutation]
 11360 | D:9      | Gained mutation: You have very sharp teeth. [potion of
                  | mutation]
 11483 | D:10     | Entered Level 10 of the Dungeon
 11523 | D:10     | Noticed Josephine
 11532 | D:10     | Killed Josephine
 11533 | D:10     | Reached XP level 11. HP: 90/97 MP: 10/10
 11551 | D:10     | Received a gift from Trog
 11856 | D:10     | Noticed Maggie
 11857 | D:10     | Noticed Snorg
 11956 | D:10     | Killed Maggie
 12029 | D:10     | Killed Snorg
 12030 | D:10     | Reached skill level 11 in Armour
 12102 | D:10     | Noticed Urug
 12115 | D:10     | Killed Urug
 12459 | D:10     | Found an opulent altar of Gozag.
 12543 | D:10     | Noticed Harold
 12555 | D:10     | Killed Harold
 12556 | D:10     | Reached skill level 1 in Throwing
 12945 | D:11     | Reached skill level 12 in Armour
 12951 | D:11     | Reached skill level 10 in Fighting
 13028 | D:11     | Noticed a seven-headed hydra
 13044 | D:11     | Killed a two-headed hydra
 13133 | D:11     | Noticed a two-headed ogre
 13139 | D:11     | Killed a two-headed ogre
 13140 | D:11     | Reached XP level 12. HP: 106/106 MP: 11/11
 13473 | D:11     | Found a snail-covered altar of Cheibriados.
 13843 | D:11     | Noticed a two-headed ogre
 13852 | D:11     | Killed a two-headed ogre
 14047 | D:11     | Noticed a two-headed ogre
 14050 | D:11     | Noticed a two-headed ogre
 14058 | D:11     | Killed a two-headed ogre
 14059 | D:11     | Reached skill level 13 in Armour
 14059 | D:11     | Reached skill level 5 in Dodging
 14090 | D:11     | Killed a two-headed ogre
 16046 | D:12     | Found Buniost's General Store.
 16096 | D:12     | Reached skill level 5 in Shields
 16213 | D:12     | Noticed a boulder beetle
 16252 | D:12     | Killed a boulder beetle
 16484 | D:12     | Noticed a boulder beetle
 16485 | D:12     | Noticed a centaur warrior
 16499 | D:12     | Reached skill level 14 in Armour
 16505 | D:12     | Killed a centaur warrior
 16516 | D:12     | Slain by a boulder beetle

Illustrated notes

Levels and vault maps discovered:
D:1:      dpeg_arrival_prison, layout_basic,
          hellmonk_ecumenical_altar_crossroads, serial_bayou_pond_d,
          minmay_lizard_king
D:2:      layout_loops_ring, uniq_robin, uniq_sigmund
D:3:      layout_loops_corners, grunt_temple_overflow_open,
          nicolae_overflow_hidden_temple
D:4:      layout_layer_cave
D:5:      cheibrodos_barr_body, layout_cave_pools,
          grunt_temple_overflow_lords_of_destruction, minmay_temple_entry_tees,
          uniq_pikel, uniq_eustachio
D:6:      layout_basic, minmay_misc_feat_four_crosses
D:7:      cheibrodos_quashed, layout_loops_corners, lightli_temple_of_fire,
          hangedman_abyss_or_decor_stabs, hangedman_glass_teeth
D:8:      layout_loops_ring, nicolae_ashenzari_panopticon, david_lair_generic,
          serial_ice, serial_ice_i, serial_ice_n, serial_ice_o, serial_ice_a
D:9:      layout_big_octagon, yredelemnul_forgotten_temple_becter,
          lemuel_round_altar, general_overflow_altar,
          nicolae_tso_swordbearing_angel, nicolae_qazlal_scattered_showers,
          enter_bailey_4, nicolae_transmutations_shop
D:10:     layout_basic, grunt_gozag_statues, uniq_maggie, uniq_snorg,
          uniq_harold, uniq_urug, uniq_josephine
D:11:     kennysheep_town, serial_shops
D:12:     minmay_ornate_pinched, layout_irregular_city, orc_0_dummy,
          serial_shops, shop, minivault_25

Skill      XL: |  1  2  3  4  5  6  7  8  9 10 11 12 |
---------------+-------------------------------------+-----
Fighting       | 4 5 6 8 9 10 11 | 11.5
Axes           | 4 5 6 7 8 11 13 | 13.0
Armour         | 4 5 6 7 9 10 12 14 | 14.2
Dodging        | 3 4 5 |  5.4
Maces & Flails | 4 6 9 |  9.0
Shields        | 1 2 4 5 |  5.3
Stealth        | 1 3 |  3.5
Throwing       | 1 3 |  3.2
Evocations     | |  0.5

Action                   |  1- 3 |  4- 6 |  7- 9 | 10-12 || total
-------------------------+-------+-------+-------+-------++-------
Melee: Hand axe          |    71 |   120 |    38 |   427 ||   656
       Headbutt          |    11 |    22 |    49 |   130 ||   212
       Mace              |       |       |   185 |       ||   185
       Bite              |       |       |       |    44 ||    44
Throw: Dart              |       |       |       |    13 ||    13
Invok: Berserk           |       |     3 |     5 |     8 ||    16
       Trog's Hand       |       |     2 |     3 |     7 ||    12
       Brothers in Arms  |       |       |       |     2 ||     2
Evoke: Wand              |       |       |     1 |     1 ||     2
  Use: Scroll            |     1 |     4 |     5 |     9 ||    19
       Potion            |       |     2 |     3 |     9 ||    14
Armor: Animal skin       |     4 |       |       |       ||     4
       Scale mail        |    13 |    26 |       |       ||    39
       Chain mail        |       |    23 |    95 |   144 ||   262
Dodge: Dodged            |    46 |    66 |    86 |   158 ||   356
Block: Buckler           |       |       |    19 |    59 ||    78

Table legend: (Time is in decaauts)
 A = Elapsed time spent in this place.
 B = Non-inter-level travel time spent in this place.
 C = Inter-level travel time spent in this place.
 D = Time resting spent in this place.
 E = Time spent auto-exploring this place.
 F = Levels seen in this place.
 G = Mean time per level.
                   A        B        C        D        E       F      G
               +--------+--------+--------+--------+--------+-----+--------+
         Total |  16582 |  16298 |    284 |   2749 |   9505 |  12 | 1381.8 |
       Dungeon |  16582 |  16298 |    284 |   2749 |   9505 |  12 | 1381.8 |
               +--------+--------+--------+--------+--------+-----+--------+

Top non-repeatable levels by time:
    D:11: 3234 daAuts
     D:7: 1671 daAuts
     D:5: 1648 daAuts
     D:8: 1440 daAuts
     D:4: 1366 daAuts
     D:3: 1238 daAuts
    D:10: 1229 daAuts
     D:6: 1226 daAuts
     D:2: 1115 daAuts
     D:1: 1005 daAuts
     D:9: 840 daAuts
    D:12: 565 daAuts
